Map: Odyssey LE

Players

Cuervo - Winner!

  • Race: Zerg Zerg
  • Spawn Location: 5:00

A.I. 1 (Very Hard)

  • Race: Zerg Zerg
  • Spawn Location: 11:00

VOD

Have the link to the VOD?

Description

Time

  • Played on: Sept. 20, 2017, 6:26 p.m.
  • Length: 11:03
Show
View Real Time Build Order
Export as new Build Order

Cuervo Zerg - Winner!

Build Orders: Pool First 

Get SALT Encoding   

  12  0:01  Drone  
  13  0:10  Drone  
  14  0:29  Overlord  
  14  0:35  Spawning Pool  
  14  0:38  Drone  
  14  0:48  Drone x2  
  16  0:52  Drone  
  17  1:14  Hatchery  
  17  1:15  Drone  
  17  1:20  Drone  
  18  1:28  Queen  
  18  1:31  Drone  
  21  1:37  Overlord  
  21  1:47  Extractor  
  21  1:48  Extractor  
  21  1:53  Drone  
  20  1:59  Drone  
  21  2:03  Queen  
  21  2:06  Drone  
  24  2:20  Drone  
  25  2:30  Drone  
  25  2:34  Drone  
  25  2:35  Baneling Nest  
  25  2:37  Drone x4  
  28  2:43  Overlord  
  30  2:48  Drone  
  31  2:51  Metabolic Boost  
  31  2:58  Evolution Chamber  
  30  3:01  Drone  
  31  3:09  Evolution Chamber  
  31  3:10  Drone  
  31  3:12  Drone  
  32  3:13  Drone  
  33  3:21  Drone x2  
  33  3:22  Drone  
  36  3:30  Lair  
  36  3:33  Drone  
  37  3:37  Overlord  
  38  3:41  Drone  
  38  3:44  Drone x2  
  38  3:47  Drone  
  41  3:51  Zerg Melee Weapons Level 1  
  41  3:57  Zerg Ground Armor Level 1  
  41  4:06  Drone x4  
  41  4:08  Drone x2  
  47  4:18  Overlord  
  47  4:20  Drone  
  47  4:21  Drone  
  49  4:35  Drone  
  49  4:36  Drone x2  
  52  4:40  Drone x4  
  52  4:41  Drone x2  
  52  4:44  Hatchery  
  57  4:46  Queen  
  57  4:49  Centrifical Hooks  
  59  4:57  Zergling x2  
  60  5:04  Overlord  
  60  5:05  Overlord x3  
  60  5:26  Zergling x6  
  60  5:27  Zergling x6  
  66  5:31  Zergling x2  
  66  5:32  Zergling x8  
  71  5:40  Zergling x2  
  72  5:45  Zergling x4  
  74  5:51  Zerg Melee Weapons Level 2  
  74  5:55  Zerg Ground Armor Level 2  
  74  5:59  Zergling x2  
  74  6:00  Zergling x14  
  74  6:02  Baneling x5  
  74  6:03  Baneling x3  
  82  6:05  Zergling x2  
  82  6:06  Zergling x2  
  84  6:11  Overlord x2  
  84  6:21  Zergling x6  
  87  6:32  Zergling x20  
  86  6:45  Zergling x2  
  86  6:46  Zergling x4  
  81  6:50  Zergling x2  
  77  6:56  Zergling x2  
  77  6:57  Zergling x6  
  78  7:04  Zergling x14  
  84  7:24  Hatchery, Baneling x4  
  84  7:29  Zergling x2  
  81  7:30  Zergling x20  
  88  7:39  Zergling x8  
  88  7:40  Zergling x4  
  91  7:46  Zergling x2  
  90  7:54  Zergling x2  
  90  7:55  Zergling x6  
  86  8:01  Zergling x8  
  88  8:10  Unknown  
  84  8:19  Infestation Pit  
  78  8:21  Zergling x6  
  78  8:22  Zergling x10  
  75  8:36  Zergling x8  
  73  8:45  Drone  
  73  8:46  Drone x10  
  81  8:49  Baneling x2  
  81  8:54  Zergling x4  
  75  9:10  Zergling x2  
  75  9:11  Zergling x20, Unknown  
  84  9:17  Zergling x2  
  84  9:18  Zergling x10  
  87  9:32  Hive  
  87  9:46  Queen  
  82  10:00  Zergling x2  
  82  10:01  Zergling x20  
  82  10:02  Zergling x20  
  102  10:13  Zergling x2  
  102  10:30  Zergling x2  
  102  10:31  Zergling x18  
  111  10:42  Zergling x6  
  113  10:43  Zergling x12  
Show
View Real Time Build Order
Export as new Build Order

A.I. 1 (Very Hard) Zerg 

Build Orders: Pool First 

Get SALT Encoding   

  12  0:00  Drone  
  13  0:12  Overlord  
  13  0:16  Drone  
  14  0:30  Drone x2  
  14  0:34  Drone  
  17  0:47  Spawning Pool  
  17  0:49  Drone  
  17  1:12  Hatchery  
  17  1:14  Drone  
  17  1:16  Extractor  
  16  1:19  Drone  
  16  1:23  Extractor  
  17  1:25  Drone  
  17  1:29  Drone  
  18  1:38  Drone  
  19  1:49  Overlord  
  19  1:57  Queen  
  21  2:02  Zergling x2  
  22  2:10  Drone  
  23  2:24  Queen  
  23  2:27  Drone  
  26  2:36  Drone  
  27  2:39  Drone  
  27  2:43  Drone  
  29  2:57  Roach Warren  
  28  2:59  Drone  
  28  3:02  Drone  
  30  3:06  Zergling x2  
  30  3:09  Zergling x2  
  32  3:15  Overlord  
  32  3:18  Drone  
  33  3:21  Drone  
  34  3:37  Roach x2  
  34  3:38  Roach  
  34  3:40  Roach  
  42  3:46  Lair  
  42  3:50  Overlord  
  42  3:55  Overlord  
  42  3:57  Zergling x2  
  42  4:00  Zergling x2  
  44  4:08  Zergling x2  
  44  4:09  Drone x2  
  47  4:10  Drone  
  47  4:12  Drone  
  47  4:15  Drone  
  50  4:19  Overlord  
  52  4:24  Roach  
  52  4:28  Roach  
  52  4:30  Roach  
  56  4:33  Roach  
  56  4:37  Overlord  
  58  4:43  Drone  
  58  4:45  Drone  
  60  4:47  Hydralisk Den, Drone  
  60  4:52  Roach  
  62  4:56  Roach  
  62  4:58  Overlord  
  64  5:04  Drone  
  64  5:06  Drone  
  66  5:08  Drone  
  66  5:09  Drone  
  68  5:15  Drone x3, Hydralisk  
  68  5:18  Hydralisk  
  75  5:25  Overlord  
  75  5:26  Hydralisk  
  75  5:28  Drone  
  78  5:30  Drone  
  78  5:32  Drone  
  80  5:38  Drone  
  80  5:40  Drone  
  82  5:43  Drone  
  82  5:44  Infestation Pit  
  82  5:45  Overlord  
  82  5:47  Drone  
  83  5:52  Spire  
  82  5:58  Drone  
  82  5:59  Ravager  
  82  6:00  Ravager  
  82  6:02  Roach  
  87  6:05  Overlord  
  87  6:10  Metabolic Boost  
  87  6:17  Extractor  
  86  6:19  Extractor  
  86  6:20  Drone  
  86  6:22  Infestor  
  88  6:31  Evolution Chamber, Drone  
  88  6:32  Spine Crawler  
  87  6:33  Drone  
  87  6:34  Evolution Chamber  
  87  6:35  Drone  
  87  6:37  Infestor  
  86  6:40  Drone x2, Spine Crawler  
  86  6:41  Drone x4  
  86  6:42  Drone  
  86  6:43  Zergling x2  
  81  6:47  Hatchery  
  81  6:54  Zergling x2  
  73  6:57  Roach  
  73  6:59  Roach  
  72  7:02  Roach  
  72  7:04  Hydralisk  
  72  7:05  Mutalisk  
  72  7:07  Hydralisk  
  80  7:11  Zergling x2  
  80  7:12  Roach  
  80  7:14  Roach  
  75  7:16  Hydralisk  
  75  7:21  Roach  
  77  7:23  Roach  
  77  7:24  Zergling x2  
  77  7:29  Infestor  
  79  7:41  Roach, Zergling x2  
  79  7:45  Infestor  
  79  7:46  Overseer  
  79  7:48  Roach  
  79  7:51  Roach  
  85  7:54  Spore Crawler  
  85  7:57  Drone x3  
  85  7:58  Baneling Nest  
  74  7:59  Drone x2  
  65  8:06  Drone  
  65  8:07  Drone, Zergling x2  
  65  8:08  Drone  
  65  8:09  Hydralisk  
  49  8:29  Zergling x2  
  44  8:57  Zergling x2  
  44  9:00  Hatchery  
  44  9:01  Drone  
  44  9:07  Zergling x2  
  41  9:13  Drone  
  39  9:19  Drone  
  38  9:27  Zergling x2  
  39  9:34  Drone  
  39  9:41  Drone  
  40  9:46  Drone  
  40  9:52  Zergling x2  
  17  10:44  Drone  
  17  10:48  Drone  
  18  10:55  Hatchery  
Tags
 
Matchup
ZvZ
Race
Zerg
Spawn Locations
Cross Positions
Add a new tag
Caveats
  • Supply blocks, unpowered buildings, or Contaminate may cause inaccurate times.
  • Supply counts are checked every 10 seconds.